 Dungeon Crawl Stone Soup version 0.32-a0-656-g3542139ebd (webtiles) character file.

Game seed: 16978969211327757476

170 cforsyth the Grave Robber (level 5, -6/45 HPs)
             Began as a Mountain Dwarf Necromancer on Mar 9, 2024.
             Mangled by Edmund
             ... wielding a +5 antimagic flail
              (10 damage)
             ... on level 4 of the Dungeon.
             The game lasted 00:03:48 (2234 turns).

cforsyth the Grave Robber (MDNe)                    Turns: 2234, Time: 00:03:49

Health: -6/45      AC:  5    Str: 11 (13) XL:     5   Next: 26%
Magic:  0/7        EV: 10    Int: 14 (15) God:
Gold:   106        SH:  0    Dex:  7 (10) Spells: 6/7 levels left

rFire   . . .        (no weapon)
rCold   . . .        (no shield)
rNeg    . . .        f - +0 ring mail
rPois   .            (no helmet)
rElec   .            (no cloak)
rCorr   .            (no gloves)
SInv    .            (no boots)
Will    .....        l - amulet of magic regeneration
Stlth   +            (no ring)
HPRegen 0.27/turn    (no ring)
MPRegen 0.50/turn

%: no passive effects
@: mighty
A: runic magic, artefact enchanting
a: no special abilities


You were on level 4 of the Dungeon.
You visited 1 branch of the dungeon, and saw 4 of its levels.

You collected 106 gold pieces.


Innate Abilities, Weirdness & Mutations

Your spellcasting is much less encumbered by armour.
You can use scrolls of enchantment on lesser artefacts.


   Skills:
 + Level 3.1 Fighting
 + Level 2.0 Axes
 + Level 1.8 Armour
 - Level 1.3 Dodging
 - Level 1.4 Stealth
 - Level 1.7 Spellcasting
 + Level 5.5 Necromancy


You had 6 spell levels left.
You knew the following spells:

 Your Spells              Type           Power      Damage    Failure   Level
X - Necrotise             Necr           64%        1d7       3%          1

Your spell library contained the following spells:

 Spells                   Type           Power      Damage    Failure   Level
 Vampiric Draining        Necr           16%        2d7       9%          3
 Animate Dead             Necr           16%        N/A       30%         4
 Curse of Agony           Necr           16%        N/A       63%         5

Inventory:

Hand Weapons
 n - a +0 war axe
Armour
 a - a +0 robe
 f - a +0 ring mail (worn)
Jewellery
 l - an amulet of magic regeneration (around neck)
Wands
 o - a wand of flame (15)
Scrolls
 d - a scroll of identify {@r1}
 e - a scroll of teleportation {unknown}
 j - a scroll of poison {unknown}
 m - a scroll of vulnerability {unknown}
Potions
 b - a potion of magic
 g - 2 potions of enlightenment
 i - a potion of brilliance {unknown}

Dungeon Overview and Level Annotations

Branches:
Dungeon (3/15)

Altars:
Cheibriados

Annotations:
D:4 Edmund

#.# #......... #.#
##..##.##. ####.####
#.#.#.#.#
#.......####.##..h..
#.##.##.##.....#####
#.##.##.##.....#####
#.#S.##.##...>.##...
#.#@###.##.....##.##
#.#@###.##.....##.##
#.......##.#.####.#
###.#####.#..# #.#
#.# #.###.## #.# #.#
#.##....# #.# #.#
##.....## #.#
#.####..#..# #.#
#......#.#.# #.#
######.###.# #.#


You could see Edmund and a ball python.


Message History

Edmund is heavily wounded.
Edmund hits you with a +5 antimagic flail!
* * * LOW HITPOINT WARNING * * *
You feel your power leaking away.
Okay, then.
Unknown command.
As you read the scroll labelled HAUKAJ SUSORHO, it crumbles to dust.
It is a scroll of identify.
g - 2 potions of enlightenment Edmund hits you but does no damage.
As you read the scroll labelled GEROAD PONID, it crumbles to dust.
Your body is wracked with pain!
* * * LOW HITPOINT WARNING * * *
Edmund convulses!
It was a scroll of torment.
Edmund hits you with a +5 antimagic flail!
* * * LOW HITPOINT WARNING * * *
You feel your power leaking away.
Unknown command.
It was a potion of curing.
You feel better. Edmund barely misses you.
It was a potion of degeneration.
There was something very wrong with that liquid.
You feel weakened.
You feel dopey.
You feel clumsy.
Edmund hits you with a +5 antimagic flail!
* * * LOW HITPOINT WARNING * * *
You feel your power leaking away.
It was a potion of might.
You feel very mighty all of a sudden.
Edmund hits you with a +5 antimagic flail!
You die...
Edmund says, "That'll show my brother!"

Skill      XL: |  1  2  3  4 |
---------------+-------------+-----
Fighting       | 1 2 3 |  3.1
Necromancy     | 5 |  5.5
Axes           | 2 |  2.0
Armour         | 1 |  1.8
Dodging        | |  1.3
Stealth        | |  1.4
Spellcasting   | |  1.7

Action                     |  1- 3 |  4- 6 || total
---------------------------+-------+-------++-------
  Melee: Unarmed           |    26 |       ||    26
   Cast: Necrotise         |    63 |    29 ||    92
  Evoke: Wand              |       |     1 ||     1
    Use: Potion            |       |     3 ||     3
         Scroll            |       |     2 ||     2
 Armour: Robe              |    29 |       ||    29
         Ring mail         |       |    13 ||    13
  Dodge: Dodged            |    29 |     3 ||    32

Levels and vault maps discovered:
D:1:      minmay_arrival_checkered_box, layout_loops_corners
D:2:      kennysheep_big_flooded_room, layout_basic,
          chequers_serial_rivers_micro_a
D:3:      layout_basic, serial_glass, glass_columns_a, glass_columns_b,
          minmay_strange_pillars, minmay_misc_feat_enclosed, uniq_jessica,
          uniq_crazy_yiuf_cottage, uniq_sigmund, uniq_robin
D:4:      layout_loops_ring, overflow_temple_1_default, uniq_edmund

Notes
Turn   | Place    | Note
-------+----------+-------------------------------------------
     0 | D:1      | cforsyth the Mountain Dwarf Necromancer began the quest for
                  | the Orb.
     0 | D:1      | Reached XP level 1. HP: 14/14 MP: 3/3
   182 | D:1      | Reached skill level 1 in Fighting
   217 | D:1      | Reached XP level 2. HP: 23/23 MP: 2/4
   913 | D:1      | HP: 2/24 [frozen (1)]
  1122 | D:2      | Reached skill level 5 in Necromancy
  1197 | D:2      | Reached skill level 2 in Fighting
  1197 | D:2      | Reached XP level 3. HP: 29/29 MP: 2/5
  1691 | D:3      | Noticed Jessica
  1716 | D:3      | Killed Jessica
  1717 | D:3      | Reached XP level 4. HP: 37/37 MP: 4/6
  1863 | D:3      | Reached skill level 1 in Axes
  1943 | D:3      | You fall into a shaft and drop 1 floor!
  2011 | D:4      | Noticed a black bear
  2059 | D:4      | Killed a black bear
  2060 | D:4      | Reached skill level 3 in Fighting
  2060 | D:4      | Reached skill level 2 in Axes
  2060 | D:4      | Reached skill level 1 in Armour
  2060 | D:4      | Reached XP level 5. HP: 38/45 MP: 3/7
  2160 | D:4      | Found a snail-covered altar of Cheibriados.
  2187 | D:4      | Noticed Edmund
  2231 | D:4      | HP: 2/45 [Edmund/+5 antimagic flail (10)]
  2234 | D:4      | Mangled by Edmund

Vanquished Creatures
  A black bear (D:4)
  Jessica (D:3)
  2 dart slugs
  A ribbon worm (D:3)
  A bat (D:1)
  12 endoplasms
  2 goblins
  4 hobgoblins
  4 jackals (D:1)
  A quokka (D:2)
  3 ball pythons
  2 frilled lizards
  4 kobolds
  5 rats
43 creatures vanquished.

Vanquished Creatures (collateral kills)
  An endoplasm (D:2)
  A giant cockroach (D:1)
2 creatures vanquished.

Grand Total: 45 creatures vanquished

Table legend: (Time is in decaauts)
 A = Elapsed time spent in this place.
 B = Non-inter-level travel time spent in this place.
 C = Inter-level travel time spent in this place.
 D = Time resting spent in this place.
 E = Time spent auto-exploring this place.
 F = Levels seen in this place.
 G = Mean time per level.
                   A        B        C        D        E       F      G
               +--------+--------+--------+--------+--------+-----+--------+
         Total |   2235 |   2190 |     45 |     10 |   1735 |   4 |  558.8 |
       Dungeon |   2235 |   2190 |     45 |     10 |   1735 |   4 |  558.8 |
               +--------+--------+--------+--------+--------+-----+--------+

Top non-repeatable levels by time:
     D:1: 1118 daAuts
     D:2: 551 daAuts
     D:4: 290 daAuts
     D:3: 274 daAuts

Table legend:
 A = Non-vault XP
 B = Vault XP
 C = Vault XP percentage of total XP
 D = Non-vault monster count
 E = Vault monster count
 F = Vault count percentage of total count
                 A         B        C        D         E       F
            +---------+---------+-------+---------+---------+-------
      Total |     203 |      41 |  16.8 |      42 |       3 |   6.7
            +---------+---------+-------+---------+---------+-------
        D:1 |      36 |       0 |   0.0 |      21 |       0 |   0.0
        D:2 |      22 |       4 |  15.4 |      13 |       2 |  13.3
        D:3 |      13 |      37 |  74.0 |       5 |       1 |  16.7
        D:4 |     132 |       0 |   0.0 |       3 |       0 |   0.0
            +---------+---------+-------+---------+---------+-------
